 Dungeon Crawl Stone Soup version 0.23-a0-636-g0ff6057 (console) character file.

74 Duffy the Firebug (level 4, 30/30 HPs)
             Began as a Demonspawn Fire Elementalist on Dec 28, 2018.
             Quit the game on level 2 of the Dungeon.
             The game lasted 00:01:36 (2444 turns).

Duffy the Firebug (Demonspawn Fire Elementalist)    Turns: 2444, Time: 00:01:37

Health: 30/30      AC:  4    Str:  8    XL:     4   Next: 10%
Magic:  8/8        EV: 12    Int: 18    God:
Gold:   184        SH:  0    Dex: 13    Spells: 5/9 levels left

rFire    . . .     SeeInvis .   d - +1 whip (drain)
rCold    . . .     Gourm    .   (no shield)
rNeg     . . .     Faith    .   a - +0 robe
rPois    .         Spirit   .   (no helmet)
rElec    .         Reflect  .   (no cloak)
rCorr    .         Harm     .   (no gloves)
MR       .....                  (no boots)
Stlth    ++........             (no amulet)
HPRegen  0.10/turn              (no ring)
MPRegen  0.11/turn              (no ring)

@: no status effects
A: iridescent scales 1, powered by pain 1
a: no special abilities


You were on level 2 of the Dungeon.
You were not hungry.

You visited 1 branch of the dungeon, and saw 2 of its levels.

You collected 184 gold pieces.

Inventory:

Hand Weapons
 d - a +1 whip of draining (weapon)
Armour
 a - a +0 robe (worn)
Scrolls
 b - a scroll of random uselessness {unknown}
 g - 2 scrolls of identify {unknown}
 h - a scroll of enchant weapon {unknown}
 i - 3 scrolls of fear {unknown}
 j - a scroll of blinking {unknown}
 m - a scroll of teleportation {unknown}
 o - a scroll of magic mapping {unknown}
Potions
 e - 2 potions of brilliance {unknown}
 f - a potion of curing {unknown}
 k - a potion of flight {unknown}
 l - a potion of resistance {unknown}
Comestibles
 c - 5 rations


   Skills:
 - Level 1.7 Dodging
 - Level 1.7 Stealth
 * Level 3.2 Spellcasting
 + Level 2.1 Conjurations
 + Level 3.2 Fire Magic


You had 5 spell levels left.
You knew the following spells:

 Your Spells              Type           Power        Failure   Level  Hunger
h - Flame Tongue          Conj/Fire      ##...        5%          1    None
l - Conjure Flame         Conj/Fire      ##......     16%         3    ###....

Your spell library contained the following spells:

 Spells                   Type           Power        Failure   Level  Hunger
 Throw Flame              Conj/Fire      ##....       9%          2    ##.....
 Inner Flame              Hex/Fire       #.......     24%         3    ###....
 Sticky Flame             Conj/Fire      ##......     47%         4    ####...
 Fireball                 Conj/Fire      ##........   83%         5    ######.


Dungeon Overview and Level Annotations

Branches:
Dungeon (2/15)

Altars:


Innate Abilities, Weirdness & Mutations

You are partially covered in iridescent scales. (AC +2)
You sometimes gain a little power by taking damage.


Message History

Press: ? - help, Shift-Dir - straight line, f/p - adder
Aim: an adder (almost dead)
The flame tongue hits the adder.
You kill the adder!
You have reached level 4!
You feel clever.
Your demonic ancestry asserts itself...
You feel energised by your suffering.
You feel sick.
You see here an adder corpse.
You butcher the adder corpse.
n - a chunk of flesh You see here an adder skeleton.
Eating a chunk of flesh.
You eat the chunk of flesh.
This raw flesh tastes terrible.
You feel sick.
You feel sick.
You are no longer poisoned.
You see here an adder skeleton.
Done exploring.
Are you sure you want to abandon this character and quit the game? (Confirm

## .# ### ###### .# #~### #....#
.# #~..## #.....
.################~..~#######.....
.............#..@~...............
############.##.#~....######....#
########.##.#~..#.....##....#
#........##.#~...<.##.......# ##
#........#....##.#.####.....# .#
#.........##................. .#
#..........#..#...#####.....# .#
#.......#..#................#
.####.......#..#.##.#...........#


There were no monsters in sight!

Vanquished Creatures
  4 adders
  A worm (D:1)
  2 leopard geckos (D:1)
  5 bats (D:1)
  3 giant cockroaches
  4 goblins
  3 hobgoblins
  5 kobolds (D:1)
  2 frilled lizards
  6 rats (D:1)
35 creatures vanquished.

Notes
Turn   | Place    | Note
-------+----------+-------------------------------------------
     0 | D:1      | Duffy the Demonspawn Fire Elementalist began the quest for
                  | the Orb.
     0 | D:1      | Reached XP level 1. HP: 13/13 MP: 3/3
   360 | D:1      | Gained mutation: You are partially covered in iridescent
                  | scales. (AC +2) [demonic ancestry]
   360 | D:1      | Reached XP level 2. HP: 18/19 MP: 5/5
  1386 | D:1      | Reached XP level 3. HP: 24/24 MP: 7/7
  1391 | D:1      | Learned a level 3 spell: Conjure Flame
  2361 | D:2      | Gained mutation: You sometimes gain a little power by
                  | taking damage. [demonic ancestry]
  2361 | D:2      | Reached XP level 4. HP: 28/30 MP: 2/8
  2444 | D:2      | Quit the game

Vault maps used:
D:1:      nicolae_arrival_memento_mori
D:2:      nrook_mini_backslash, chequers_serial_rivers_micro_e

Skill      XL: |  1  2  3 |
---------------+----------+-----
Fire Magic     | 3 |  3.2
Spellcasting   | 3 |  3.2
Conjurations   | 2 |  2.1
Dodging        | |  1.7
Stealth        | |  1.7

Action                   |  1- 3 |  4- 6 || total
-------------------------+-------+-------++-------
Melee: Whip              |    89 |       ||    89
 Cast: Flame Tongue      |    23 |     1 ||    24
 Stab: Sleeping          |     5 |       ||     5
  Eat: Chunk             |     4 |     1 ||     5
Armor: Robe              |    37 |       ||    37
Dodge: Dodged            |    69 |       ||    69

Table legend:
 A = Non-vault XP
 B = Vault XP
 C = Vault XP percentage of total XP
 D = Non-vault monster count
 E = Vault monster count
 F = Vault count percentage of total count
                 A         B        C        D         E       F
            +---------+---------+-------+---------+---------+-------
      Total |     107 |       0 |   0.0 |      35 |       0 |   0.0
            +---------+---------+-------+---------+---------+-------
        D:1 |      59 |       0 |   0.0 |      27 |       0 |   0.0
        D:2 |      48 |       0 |   0.0 |       8 |       0 |   0.0
            +---------+---------+-------+---------+---------+-------
